 Dungeon Crawl Stone Soup version 0.28-a0-674-gdaf460b524 (webtiles) character file.

Game seed: 14773476617228928527

6818 pokeman the Thaumaturge (level 10, -3/56 HPs)
             Began as a Deep Elf Hedge Wizard on Oct 17, 2021.
             Was a Believer of Vehumet.
             Slain by a two-headed ogre (21 damage)
             ... on level 9 of the Dungeon.
             The game lasted 00:23:00 (10315 turns).

pokeman the Thaumaturge (Deep Elf Hedge Wizard)    Turns: 10315, Time: 00:23:01

Health: -3/56      AC: 13    Str:  7    XL:     10   Next: 77%
Magic:  18/30      EV: 12    Int: 23    God:    Vehumet [**....]
Gold:   361        SH:  5    Dex: 14    Spells: 15/37 levels left

rFire   . . .      SeeInvis .   J - +2 dagger (venom)
rCold   . . .      Faith    .   (no shield)
rNeg    . . .      Spirit   .   I - +0 leather armour
rPois   .          Reflect  +   i - +0 helmet
rElec   .          Harm     .   (no cloak)
rCorr   .          Rampage  .   H - +0 pair of gloves
Will    +....                   (no boots)
Stlth   ++........              L - amulet of reflection
HPRegen 0.18/turn               x - +4 ring of protection
MPRegen 0.22/turn               s - +4 ring of protection

@: no status effects
A: no striking features
a: Renounce Religion


You were on level 9 of the Dungeon.
You worshipped Vehumet.
Vehumet was pleased with you.
You visited 1 branch of the dungeon, and saw 9 of its levels.

You collected 361 gold pieces.

Inventory:

Hand Weapons
 J - a +2 dagger of venom (weapon)
 K - a +0 shortbow
Missiles
 k - 20 bolts
 w - 138 arrows
Armour
 i - a +0 helmet (worn)
 l - a +2 robe of cold resistance
 H - a +0 pair of gloves (worn)
 I - a +0 leather armour (worn)
Jewellery
 f - a ring of see invisible
 g - an amulet of faith
 o - an amulet of regeneration
 s - a +4 ring of protection (right hand)
 u - a ring of ice
 x - a +4 ring of protection (left hand)
 G - a ring of protection from fire
 L - an amulet of reflection (around neck)
Wands
 d - a wand of mindburst (14)
 h - a wand of iceblast (9)
 n - a wand of digging (13)
 z - a wand of paralysis (26)
 D - a wand of polymorph (5)
 O - a wand of flame (18)
Scrolls
 c - 4 scrolls of identify {unknown}
 e - a scroll of amnesia {unknown}
 p - a scroll of enchant armour {unknown}
 r - 2 scrolls of fog {unknown}
 v - 2 scrolls of enchant weapon {unknown}
 y - a scroll of immolation {unknown}
 B - 5 scrolls of teleportation {unknown}
 F - a scroll of blinking {unknown}
 N - a scroll of vulnerability {unknown}
Potions
 a - 3 potions of heal wounds
 b - a potion of degeneration {unknown}
 j - 2 potions of mutation {unknown}
 m - a potion of brilliance {unknown}
 q - a potion of ambrosia {unknown}
 t - 4 potions of curing
 A - a potion of haste {unknown}
 C - a potion of flight {unknown}
 E - a potion of invisibility {unknown}
 M - a potion of lignification {unknown}


   Skills:
 - Level 4.0 Fighting
 + Level 3.2 Armour
 - Level 4.1 Dodging
 - Level 3.0 Stealth
 * Level 14.1 Spellcasting
 + Level 8.1 Conjurations
 + Level 5.2 Summonings
 - Level 5.0 Necromancy
 - Level 1.1 Translocations
 - Level 2.0 Fire Magic
 - Level 1.3 Air Magic
 - Level 1.0 Earth Magic
 - Level 1.0 Poison Magic
 - Level 2.1 Evocations


You had 15 spell levels left.
You knew the following spells:

 Your Spells              Type           Power      Damage    Failure   Level
a - Magic Dart            Conj           100%       1d8       1%          1
b - Mephitic Cloud        Conj/Pois/Air  32%        N/A       3%          3
c - Call Imp              Summ           40%        N/A       1%          2
d - Blink                 Tloc           N/A        N/A       5%          2
e - Conjure Flame         Conj/Fire      39%        6-21      1%          3
f - Foxfire               Conj/Fire      100%       2x1d9     1%          1
g - Stone Arrow           Conj/Erth      74%        3d11      2%          3
h - Haunt                 Necr/Summ      19%        N/A       99%         7

Your spell library contained the following spells:

 Spells                   Type           Power      Damage    Failure   Level
 Scorch                   Fire           50%        2d7       3%          2
 Animate Dead             Necr           19%        N/A       7%          4
 Slow                     Hex            16%        N/A       9%          2
 Animate Armour           Summ/Erth      60%        N/A       16%         4
 Borgnjor's Vile Clutch   Necr/Erth      15%        N/A       41%         5
 Alistair's Intoxication  Tmut/Pois      12%        N/A       77%         5
 Eringya's Noxious Bog    Tmut/Pois      9%         N/A       100%        6
 Infestation              Necr           19%        N/A       100%        8
 Lehudib's Crystal Spear  Conj/Erth      18%        10d6      100%        8


Dungeon Overview and Level Annotations

Branches:
Dungeon (9/15)             Temple (0/1) D:7             Orc (0/2) D:9
   Lair: D:8-11

Altars:
Ashenzari
Cheibriados
Fedhas
Kikubaaqudgha
Okawaru
Trog
Vehumet
Yredelemnul

Shops:
D:8 [

Annotations:
D:7 2 transporters, jasper's ghost, novice DsCA


Message History

You feel your power returning.
An ogre comes into view. It is wielding a +0 giant club.
The two-headed ogre is engulfed in blazing flames.
Unknown command.
You swap places.
The two-headed ogre is engulfed in blazing flames.
The two-headed ogre closely misses your crimson imp.
The two-headed ogre hits your crimson imp with a +0 giant club!
Your crimson imp dies!
Your crimson imp disappears in a puff of smoke!
You hear a shout!
Unknown command.
Casting: Call Imp (safe; 1% risk of failure)
Confirm with . or Enter, or press ? or * to list all spells.
The fire begins to smoulder!
Unknown command.
The fire ignites!
Casting: Conjure Flame (safe; 1% risk of failure)
Confirm with . or Enter, or press ? or * to list all spells.
Aiming: Mephitic Cloud (dangerous; 3% risk of failure)
Press: ? - help, Shift-Dir - straight line, f - two-headed ogre
Aim: a two-headed ogre, wielding two +0 giant clubs (heavily wounded, chance to affect: 53%)
The ball explodes into a vile cloud!
The stinking cloud engulfs the two-headed ogre but does no damage.
The two-headed ogre is heavily wounded.
The two-headed ogre is engulfed in noxious fumes.
Vehumet accepts your kill.
You feel your power returning.
You feel a bit more experienced.
Unknown command.
You hit the two-headed ogre.
The two-headed ogre is poisoned.
The two-headed ogre is heavily wounded.
The two-headed ogre is engulfed in blazing flames.
The two-headed ogre hits you with a +0 giant club!!
The two-headed ogre barely misses you.
Unknown command.
You barely miss the two-headed ogre.
The two-headed ogre is severely wounded.
The two-headed ogre is engulfed in blazing flames.
The two-headed ogre hits you with a +0 giant club!! x2
You die...

....# .... ...## ... ####
.> O# ##O# ### #.# ####
### ..###########)# ##..##
#.##
............#§####.##.#
#...
.<..........##☼O@.###.##
#...
.............########..###
#... ....##########
#....[## ##.. ....#
####### ##......# #..
...## #.....## ##......##
#.. ...# #......#
#.......# #.. ...#
##......# #.#))#.## #..
...# #.......# ####)###
#.. ..## #.......# #)#
######..


You could see a two-headed ogre (very poisoned).

Vanquished Creatures
  2 two-headed ogres
  Pikel (D:4)
  Grinder (D:5)
  2 hornets (D:8)
  Sigmund (D:2)
  3 yaks (D:9)
  A wyvern (D:9)
  A steam dragon (D:9)
  Menkaure (D:4)
  2 water moccasins
  2 orc warriors
  2 sky beasts
  A hornet zombie (D:5)
  A necrophage (D:6)
  10 ogres
  4 centaurs
  2 lemures (D:4)
  A phantom (D:5)
  Blork the orc (D:5)
  5 bullfrogs
  A wyvern zombie (D:6)
  A wyvern skeleton (D:7)
  A gnoll sergeant (D:9)
  2 water moccasin zombies (D:5)
  4 killer bees (D:9)
  A howler monkey (D:5)
  A jelly (D:6)
  7 hounds
  An orc priest (D:7)
  A bullfrog skeleton (D:6)
  5 orc wizards
  3 iguanas
  A killer bee zombie (D:5)
  2 howler monkey zombies
  Robin (D:2)
  4 gnolls (D:9)
  4 adders
  A shadow imp (D:6)
  A white imp (D:8)
  2 worms
  28 orcs
  10 ball pythons
  3 endoplasms
  3 giant cockroaches
  9 goblins
  7 hobgoblins
  9 jackals
  2 quokkas
  4 bats
  3 frilled lizards
  5 kobolds
  6 rats
177 creatures vanquished.

Vanquished Creatures (collateral kills)
  A killer bee (D:9)
1 creature vanquished.

Vanquished Creatures (others)
  367 foxfires
367 creatures vanquished.

Grand Total: 545 creatures vanquished

Notes
Turn   | Place    | Note
-------+----------+-------------------------------------------
     0 | D:1      | pokeman the Deep Elf Hedge Wizard began the quest for the
                  | Orb.
     0 | D:1      | Reached XP level 1. HP: 10/10 MP: 7/7
   395 | D:1      | Reached XP level 2. HP: 16/16 MP: 5/9
  1351 | D:2      | Noticed Robin
  1360 | D:2      | Reached skill level 5 in Spellcasting
  1434 | D:2      | Killed Robin
  1435 | D:2      | Reached XP level 3. HP: 12/20 MP: 1/11
  1636 | D:2      | Reached skill level 1 in Fighting
  1912 | D:2      | Learned a level 3 spell: Mephitic Cloud
  1915 | D:2      | Learned a level 2 spell: Call Imp
  1918 | D:2      | Learned a level 2 spell: Blink
  1922 | D:2      | Learned a level 3 spell: Conjure Flame
  1993 | D:2      | Reached skill level 1 in Armour
  2233 | D:2      | Reached XP level 4. HP: 25/25 MP: 5/13
  2330 | D:2      | Noticed Sigmund
  2356 | D:2      | Killed Sigmund
  2357 | D:2      | Reached skill level 6 in Spellcasting
  2357 | D:2      | Reached skill level 1 in Fire Magic
  2357 | D:2      | Reached XP level 5. HP: 29/29 MP: 2/16
  2520 | D:2      | Found a faded altar of an unknown god.
  2756 | D:3      | Found a radiant altar of Vehumet.
  2768 | D:3      | Became a worshipper of Vehumet
  3305 | D:3      | Found a blossoming altar of Fedhas.
  3653 | D:4      | Reached XP level 6. HP: 27/34 MP: 5/17
  4139 | D:4      | Found a broken altar of Ashenzari.
  4249 | D:4      | Found an iron altar of Okawaru.
  4295 | D:4      | Reached skill level 7 in Spellcasting
  4350 | D:4      | Noticed Menkaure
  4379 | D:4      | Killed Menkaure
  4380 | D:4      | Reached skill level 1 in Air Magic
  4594 | D:4      | Noticed a water moccasin
  4601 | D:4      | Killed a water moccasin
  4602 | D:4      | Reached skill level 1 in Poison Magic
  4602 | D:4      | Reached XP level 7. HP: 38/38 MP: 12/20
  4610 | D:4      | Learned a level 7 spell: Haunt
  4713 | D:4      | Noticed Pikel
  4722 | D:4      | Paralysed by Pikel for 7 turns
  4734 | D:4      | Paralysed by Pikel for 7 turns
  4763 | D:4      | Killed Pikel
  4764 | D:4      | Reached skill level 8 in Spellcasting
  4764 | D:4      | Reached XP level 8. HP: 43/43 MP: 2/22
  4933 | D:5      | Entered Level 5 of the Dungeon
  5012 | D:5      | Reached skill level 9 in Spellcasting
  5274 | D:5      | Reached skill level 5 in Conjurations
  5324 | D:5      | Identified the +0 robe "Zicroa Ynoaq" {rCorr Int+4}
  5339 | D:5      | Reached * piety under Vehumet
  5339 | D:5      | Offered knowledge of Foxfire by Vehumet.
  5342 | D:5      | Learned a level 1 spell: Foxfire
  5445 | D:5      | Noticed Grinder
  5544 | D:5      | Killed Grinder
  5545 | D:5      | Reached skill level 10 in Spellcasting
  5724 | D:5      | Noticed Blork the orc
  5739 | D:5      | Killed Blork the orc
  6202 | D:6      | Found a basalt altar of Yredelemnul.
  6284 | D:6      | Reached XP level 9. HP: 44/48 MP: 17/25
  6391 | D:6      | Found an ancient bone altar of Kikubaaqudgha.
  6778 | D:6      | Reached skill level 11 in Spellcasting
  7119 | D:7      | Found a transporter.
  7122 | D:7      | Noticed a moth of wrath
  7123 | D:7      | Found a bloodstained altar of Trog.
  7123 | D:7      | Noticed jasper's ghost (novice DsCA)
  7131 | D:7      | Noticed a two-headed ogre
  7150 | D:7      | Learned a level 3 spell: Stone Arrow
  7426 | D:7      | Reached skill level 1 in Earth Magic
  7654 | D:7      | Found a snail-covered altar of Cheibriados.
  7727 | D:7      | Found a staircase to the Ecumenical Temple.
  7741 | D:7      | Found a transporter.
  7989 | D:8      | Noticed a two-headed ogre
  8002 | D:8      | Killed a two-headed ogre
  8003 | D:8      | Reached skill level 12 in Spellcasting
  8364 | D:8      | Reached XP level 10. HP: 55/55 MP: 22/28
  8609 | D:8      | Found Fiyk's Armour Shoppe.
  8853 | D:9      | Offered knowledge of Searing Ray by Vehumet.
  8885 | D:9      | Reached ** piety under Vehumet
  9120 | D:9      | Reached skill level 13 in Spellcasting
  9120 | D:9      | Reached skill level 5 in Necromancy
  9411 | D:9      | Noticed a two-headed ogre
  9445 | D:9      | Killed a two-headed ogre
  9716 | D:9      | Offered knowledge of Scorch by Vehumet.
 10052 | D:9      | Found a staircase to the Orcish Mines.
 10183 | D:9      | Reached skill level 5 in Summonings
 10190 | D:9      | Reached skill level 14 in Spellcasting
 10301 | D:9      | Noticed a two-headed ogre
 10301 | D:9      | Noticed a two-headed ogre
 10306 | D:9      | Noticed a two-headed ogre
 10315 | D:9      | Slain by a two-headed ogre

Illustrated notes

Levels and vault maps discovered:
D:1:      heliophobic_arrival_battle_scene, layout_basic
D:2:      layout_basic, chequers_ecumenical_altar_simple_redux, uniq_robin,
          uniq_sigmund
D:3:      layout_loops_cross, mainiacjoe_overflow_catwalk,
          mainiacjoe_overflow_concentric_impassable
D:4:      layout_basic, nicolae_ashenzari_panopticon, kennysheep_mini,
          uniq_pikel, uniq_menkaure
D:5:      layout_basic, uniq_blork_the_orc, uniq_grinder
D:6:      layout_basic, lemuel_tele_altar, kiku_gazebo_garden_becter,
          serial_glass, glass_columns_c, glass_columns_b, feat_on_display,
          minmay_strange_pillars
D:7:      layout_gridville, lemuel_round_altar,
          minmay_temple_entry_drinking_statues,
          gammafunk_ghost_wrathful_warriors
D:8:      layout_loops_cross, serial_shops, shop, grunt_ministairs_3
D:9:      lemuel_ogre_cave, layout_cave_pods, hiddenorc1_lemuel,
          kennysheep_generic_room_10

Skill      XL: |  1  2  3  4  5  6  7  8  9 10 |
---------------+-------------------------------+-----
Spellcasting   | 5 6 7 8 10 12 14 | 14.1
Fighting       | 1 2 4 |  4.0
Armour         | 1 3 |  3.2
Conjurations   | 2 3 4 5 7 8 |  8.1
Dodging        | 3 4 |  4.1
Fire Magic     | 1 2 |  2.0
Air Magic      | 1 |  1.3
Stealth        | 3 |  3.0
Poison Magic   | 1 |  1.0
Necromancy     | 2 3 4 5 |  5.0
Evocations     | 2 |  2.1
Summonings     | 3 4 5 |  5.2
Earth Magic    | 1 |  1.0
Translocations | |  1.1

Action                   |  1- 3 |  4- 6 |  7- 9 | 10-12 || total
-------------------------+-------+-------+-------+-------++-------
Melee: Spear             |    25 |     6 |    58 |       ||    89
       Dagger            |       |       |    18 |    39 ||    57
 Cast: Magic Dart        |   102 |    97 |    22 |     3 ||   224
       Conjure Flame     |       |     5 |    19 |    14 ||    38
       Mephitic Cloud    |       |     3 |     9 |    16 ||    28
       Blink             |       |       |     3 |       ||     3
       Call Imp          |       |       |     2 |     1 ||     3
       Foxfire           |       |       |   128 |    76 ||   204
       Stone Arrow       |       |       |     7 |     2 ||     9
 Stab: Confused          |       |       |     3 |     1 ||     4
Armor: Robe              |     5 |     8 |    16 |       ||    29
       Leather armour    |       |       |    21 |    18 ||    39
Dodge: Dodged            |    42 |    16 |    59 |    30 ||   147
Block: Other             |       |       |     1 |    10 ||    11
       Reflection        |       |       |       |     1 ||     1

Table legend: (Time is in decaauts)
 A = Elapsed time spent in this place.
 B = Non-inter-level travel time spent in this place.
 C = Inter-level travel time spent in this place.
 D = Time resting spent in this place.
 E = Time spent auto-exploring this place.
 F = Levels seen in this place.
 G = Mean time per level.
                   A        B        C        D        E       F      G
               +--------+--------+--------+--------+--------+-----+--------+
         Total |  10316 |  10070 |    246 |    322 |   8232 |   9 | 1146.2 |
       Dungeon |  10316 |  10070 |    246 |    322 |   8232 |   9 | 1146.2 |
               +--------+--------+--------+--------+--------+-----+--------+

Top non-repeatable levels by time:
     D:2: 1591 daAuts
     D:4: 1548 daAuts
     D:9: 1471 daAuts
     D:6: 1163 daAuts
     D:1: 1109 daAuts
     D:8: 984 daAuts
     D:5: 979 daAuts
     D:7: 782 daAuts
     D:3: 684 daAuts
